Map: Vaani Research Station (Void)

Players

Lobão - Winner!

  • Race: Protoss Protoss
  • Spawn Location: 12:00

ExtinctAI

  • Race: Terran Terran
  • League: Silver
  • Spawn Location: 6:00

VOD

Have the link to the VOD?

Description

Time

  • Played on: Jan. 1, 2017, 3:25 p.m.
  • Length: 11:18
Show
View Real Time Build Order
Export as new Build Order

Lobão Protoss - Winner!

Build Orders:  

Get SALT Encoding   

  12  0:01  Probe (Chrono Boost)  
  13  0:12  Probe (Chrono Boost)  
  14  0:18  Pylon  
  14  0:22  Probe (Chrono Boost)  
  15  0:29  Assimilator  
  15  0:36  Probe (Chrono Boost)  
  16  0:45  Gateway  
  16  0:50  Probe (Chrono Boost)  
  17  1:04  Probe (Chrono Boost)  
  18  1:15  Probe (Chrono Boost)  
  19  1:24  Pylon  
  20  1:25  Probe (Chrono Boost)  
  20  1:27  Pylon  
  20  1:36  Cybernetics Core  
  20  1:42  Probe (Chrono Boost)  
  21  1:48  Assimilator  
  21  1:52  Probe (Chrono Boost)  
  22  2:07  Nexus  
  22  2:13  Warp Gate  
  23  2:18  Mothership Core (Chrono Boost)  
  25  2:37  Probe (Chrono Boost)  
  25  2:40  Stalker  
  27  2:49  Probe (Chrono Boost)  
  28  2:57  Robotics Facility  
  28  3:00  Gateway  
  28  3:07  Stalker  
  28  3:10  Probe (Chrono Boost)  
  31  3:23  Pylon  
  31  3:29  Probe (Chrono Boost)  
  31  3:33  Stalker  
  32  3:38  Forge  
  34  3:44  Probe (Chrono Boost)  
  35  4:01  Stalker  
  35  4:02  Pylon  
  35  4:08  Probe (Chrono Boost)  
  37  4:17  Probe (Chrono Boost)  
  37  4:21  Assimilator  
  37  4:22  Observer  
  38  4:33  Protoss Ground Weapons Level 1  
  38  4:42  Probe (Chrono Boost)  
  37  4:49  Probe (Chrono Boost)  
  37  4:50  Gateway  
  38  4:54  Robotics Bay  
  38  4:58  Probe (Chrono Boost)  
  39  5:02  Pylon  
  39  5:08  Probe (Chrono Boost)  
  39  5:11  Pylon  
  40  5:16  Photon Cannon, Probe (Chrono Boost)  
  40  5:18  Photon Cannon  
  40  5:20  Warp Prism  
  43  5:27  Probe (Chrono Boost), Twilight Council  
  44  5:31  Stalker  
  45  5:41  Probe (Chrono Boost)  
  46  5:43  Photon Cannon  
  46  5:46  Photon Cannon  
  46  6:01  Probe (Chrono Boost)  
  44  6:27  Probe (Chrono Boost)  
  44  6:30  Probe (Chrono Boost)  
  45  6:39  Probe (Chrono Boost)  
  46  6:43  Protoss Ground Weapons Level 2  
  45  6:51  Extended Thermal Lance, Dark Shrine  
  46  6:54  Probe (Chrono Boost), Colossus  
  52  7:10  Pylon  
  52  7:20  Probe (Chrono Boost)  
  53  7:23  Stalker x3  
  59  7:30  Probe (Chrono Boost)  
  60  7:40  Probe (Chrono Boost)  
  60  7:41  Probe (Chrono Boost), Colossus  
  60  7:42  Assimilator  
  69  7:52  Probe (Chrono Boost)  
  69  7:53  Pylon  
  69  7:56  Pylon  
  69  7:57  Nexus  
  69  8:01  Probe (Chrono Boost)  
  70  8:11  Pylon  
  70  8:33  Observer  
  64  8:43  Zealot  
  64  8:44  Zealot x2  
  64  8:47  Colossus  
  67  9:08  Gateway  
  67  9:10  Gateway  
  67  9:15  Zealot  
  67  9:16  Zealot  
  71  9:21  Protoss Ground Armor Level 1  
  71  9:22  Dark Templar  
  73  9:37  Gateway  
  73  9:46  Zealot x2  
  77  9:59  Photon Cannon  
  77  10:03  Zealot  
  79  10:07  Colossus  
  85  10:28  Dark Templar x3  
  89  10:31  Zealot  
  94  10:43  Probe (Chrono Boost)  
  90  11:12  Pylon  
  90  11:14  Pylon  
Show
View Real Time Build Order
Export as new Build Order

ExtinctAI Terran 

Build Orders:  

Get SALT Encoding   

  12  0:01  SCV  
  14  0:14  SCV  
  14  0:19  Supply Depot  
  14  0:27  SCV  
  15  0:40  SCV  
  15  0:42  Barracks  
  16  0:46  Refinery  
  16  0:54  SCV  
  17  1:07  SCV  
  18  1:17  Supply Depot  
  18  1:22  SCV  
  20  1:36  Bunker  
  20  1:38  SCV  
  20  1:41  Reaper  
  21  1:50  Orbital Command  
  21  2:13  Barracks Reactor  
  21  2:14  Command Center  
  21  2:18  SCV  
  22  2:24  Factory  
  22  2:34  SCV  
  23  2:42  Refinery  
  23  2:56  Supply Depot  
  23  3:01  Supply Depot  
  23  3:13  Starport  
  23  3:17  Marine x2, Widow Mine  
  27  3:28  Orbital Command  
  27  3:29  SCV  
  28  3:37  Marine x2  
  30  3:43  Engineering Bay  
  30  3:47  SCV  
  31  3:55  Widow Mine  
  33  3:57  Marine x2  
  33  4:01  Medivac  
  37  4:17  Marine x2  
  39  4:39  Factory Reactor  
  39  4:45  Marine x2  
  41  4:48  Barracks  
  41  4:50  Missile Turret  
  41  4:51  Missile Turret  
  41  4:53  Viking  
  42  5:14  Marine x2  
  43  5:18  Widow Mine x2  
  48  5:33  SCV  
  48  5:34  SCV, Marine x2  
  52  5:41  Terran Infantry Weapons Level 1  
  52  5:43  Barracks Tech Lab  
  52  5:44  Supply Depot  
  52  5:48  Starport Reactor  
  53  6:04  SCV x2, Marine x2  
  53  6:05  Marine  
  54  6:22  Marine  
  55  6:29  Missile Turret  
  55  6:35  Stimpack  
  55  6:36  Marauder  
  57  6:50  Marine x2  
  57  6:52  Cyclone x2  
  65  6:57  Marine  
  65  6:59  Medivac  
  68  7:11  Marine x2  
  70  7:16  Supply Depot  
  70  7:34  Supply Depot  
  70  7:38  Cyclone x2  
  76  7:45  SCV x2  
  78  7:56  Marine x2, Marauder  
  82  7:59  Missile Turret, Terran Infantry Armor Level 1  
  82  8:00  Supply Depot  
  68  8:55  SCV x2, Marine x3  
  66  9:13  Marine  
  67  9:25  Marine x2  
  69  9:47  Supply Depot, Marine x3  
  69  9:49  Viking  
  74  10:23  Marine x2  
  74  10:26  Marauder  
Tags
 
Add a new tag
Caveats
  • Supply blocks, unpowered buildings, or Contaminate may cause inaccurate times.
  • Supply counts are checked every 10 seconds.